 Dungeon Crawl Stone Soup version 0.26.1-10-gdfb7c7de75 (webtiles) character file.

Game seed: 4961023545827980072

102 GenialerGandalf the Skirmisher (level 4, 0/40 HPs)
             Began as a Hill Orc Fighter on Apr 4, 2021.
             Succumbed to an adder's poison
             ... on level 2 of the Dungeon.
             The game lasted 00:06:03 (1506 turns).

GenialerGandalf the Skirmisher (Hill Orc Fighter)   Turns: 1506, Time: 00:06:03

Health: 0/40       AC:  7    Str: 19    XL:     4   Next: 78%
Magic:  4/4        EV:  7    Int:  8    God:
Gold:   79         SH:  9    Dex: 10    Spells: 3/3 levels left

rFire    . . .     SeeInvis .   a - +0 war axe
rCold    . . .     Faith    .   c - +0 kite shield
rNeg     . . .     Spirit   .   b - +0 scale mail
rPois    .         Reflect  .   (no helmet)
rElec    .         Harm     .   (no cloak)
rCorr    .         Rampage  .   (no gloves)
Will     .....                  (no boots)
Stlth    ..........             (no amulet)
HPRegen  0.13/turn              (no ring)
MPRegen  0.09/turn              (no ring)

@: lethally poisoned (0 -> -8)
A: no striking features
a: no special abilities


You were on level 2 of the Dungeon.
You visited 1 branch of the dungeon, and saw 2 of its levels.

You collected 79 gold pieces.

Inventory:

Hand Weapons
 a - a +0 war axe (weapon)
Missiles
 g - 39 stones (quivered)
 k - 39 sling bullets
Armour
 b - a +0 scale mail (worn)
 c - a +0 kite shield (worn)
Scrolls
 e - 2 scrolls of remove curse
 i - 2 scrolls of blinking
 j - a scroll of immolation {unknown}
 l - a scroll of teleportation {unknown}
 n - a scroll of fear {unknown}
Potions
 d - a potion of might
 f - 3 potions of curing {unknown}
 h - a potion of mutation {unknown}
 m - a potion of brilliance {unknown}


   Skills:
 + Level 4.2 Fighting
 + Level 4.1 Axes
 + Level 4.2 Armour
 + Level 0.2 Dodging
 + Level 3.9 Shields


You had 3 spell levels left.
You didn't know any spells.
Your spell library was empty.

Dungeon Overview and Level Annotations

Branches:
Dungeon (2/15)

Altars:


Message History

You feel sick. The adder bites you but does no damage.
A hobgoblin comes into view. It is wielding a +0 club.
You block the adder's attack.
You closely miss the adder.
* * * LOW HITPOINT WARNING * * *
You feel sick.
The hobgoblin shouts!
The adder bites you.
* * * LOW HITPOINT WARNING * * *
You are more poisoned.
The adder poisons you! The adder bites you but does no damage.
* * * LOW HITPOINT WARNING * * *
You feel sick. You block the adder's attack.
* * * LOW HITPOINT WARNING * * *
You feel sick.
* * * LOW HITPOINT WARNING * * *
You feel sick.
* * * LOW HITPOINT WARNING * * *
You feel sick. You block the adder's attack.
You die...

##...รท......##
##...##...##
##.####### #># .##
#.# ....####<#
.........###
...........#
#######@##.#### #
###........
....######.S.....###
..........g#######
##........##
##.......#
####.....# #.......
......#...


You could see an adder and a hobgoblin.

Vanquished Creatures
  A bullfrog (D:2)
  An adder (D:2)
  An ooze (D:1)
  2 dart slugs
  2 giant cockroaches (D:1)
  A goblin (D:1)
  4 hobgoblins
  3 kobolds (D:1)
  3 ball pythons (D:1)
  A bat (D:1)
  9 rats (D:1)
28 creatures vanquished.

Vanquished Creatures (others)
  A quokka (D:2)
1 creature vanquished.

Grand Total: 29 creatures vanquished

Notes
Turn   | Place    | Note
-------+----------+-------------------------------------------
     0 | D:1      | GenialerGandalf the Hill Orc Fighter began the quest for
                  | the Orb.
     0 | D:1      | Reached XP level 1. HP: 19/19 MP: 1/1
   318 | D:1      | Reached XP level 2. HP: 8/27 MP: 2/2
   930 | D:1      | Reached XP level 3. HP: 33/33 MP: 3/3
  1478 | D:2      | Noticed a bullfrog
  1488 | D:2      | Killed a bullfrog
  1489 | D:2      | Reached XP level 4. HP: 19/40 MP: 4/4
  1503 | D:2      | HP: 2/40 [poisoned by an adder]
  1506 | D:2      | Succumbed to an adder's poison

Illustrated notes

Levels and vault maps discovered:
D:1:      ebering_trefoil_3fold, layout_loops_cross, minmay_rat_gold_closets
D:2:      lemuel_upstairs_altar, layout_rooms, elyvilon_altar_4

Skill      XL: |  1  2  3 |
---------------+----------+-----
Fighting       | 4 |  4.2
Axes           | 3 4 |  4.1
Armour         | 4 |  4.2
Dodging        | |  0.2
Shields        | |  3.9

Action                   |  1- 3 |  4- 6 || total
-------------------------+-------+-------++-------
Melee: War axe           |    81 |    12 ||    93
  Use: Scroll            |     2 |       ||     2
Armor: Scale mail        |    50 |     8 ||    58
Dodge: Dodged            |    28 |     3 ||    31
Block: Kite shield       |    58 |     9 ||    67
